 Dungeon Crawl Stone Soup version 0.29.1-2-gbd0b4ee654 (webtiles) character file.

Game seed: 2325699771297617152

101 concernfroge the Trooper (level 4, -1/39 HPs)
             Began as a Mummy Monk on Nov 26, 2022.
             Slain by a goblin
             ... wielding a +0 dagger
              (4 damage)
             ... on level 3 of the Dungeon.
             The game lasted 00:04:10 (3227 turns).

concernfroge the Trooper (Mummy Monk)               Turns: 3227, Time: 00:04:10

Health: -1/39      AC: -3    Str: 16    XL:     4   Next: 48%
Magic:  4/4        EV:  7    Int:  9    God:
Gold:   212        SH:  5    Dex: 14    Spells: 3/3 levels left

rFire   x . .      SeeInvis .   k - +0 war axe
rCold   + . .      Faith    .   (no shield)
rNeg    + + +      Spirit   .   i - +1 chain mail
rPois   ∞          Reflect  +   (no helmet)
rElec   .          Harm     .   (no cloak)
rCorr   .          Rampage  .   (no gloves)
Will    .....                   (no boots)
Stlth   ..........              d - amulet of reflection
HPRegen 0.13/turn               (no ring)
MPRegen 0.09/turn               (no ring)

@: corroded
A: cold resistance 1, negative energy resistance 3, torment resistance 2, heat
vulnerability 1, in touch with death 1, no potions
a: no special abilities


You were on level 3 of the Dungeon.
You visited 1 branch of the dungeon, and saw 4 of its levels.

You collected 212 gold pieces.

Inventory:

Hand Weapons
 j - a +0 quarterstaff
 k - a +0 war axe (weapon)
Missiles
 b - 3 poisoned darts
 h - 5 boomerangs (quivered)
Armour
 i - a +1 chain mail (worn)
Jewellery
 d - an amulet of reflection (around neck)
Scrolls
 c - a scroll of identify
 e - 2 scrolls of noise
 f - a scroll of enchant armour


   Skills:
 + Level 5.3 Fighting
 - Level 2.4 Polearms
 - Level 2.4 Dodging
 - Level 1.5 Stealth


You had 3 spell levels left.
You didn't know any spells.
Your spell library was empty.

Dungeon Overview and Level Annotations

Branches:
Dungeon (4/15)
 Temple: D:4-7

Altars:
Kikubaaqudgha

Annotations:
D:4 Edmund


Innate Abilities, Weirdness & Mutations

You are immune to poison.
Your flesh is cold resistant. (rC+)
You are immune to negative energy. (rN+++)
You are immune to unholy pain and torment.
You are vulnerable to heat. (rF-)
You are in touch with the powers of death.
You do not drink.


Message History

The jelly is moderately wounded.
You block the jelly's attack. The jelly barely misses you.
You hit the jelly. The acid corrodes you!
Your hands burn!
The jelly is moderately wounded.
The jelly hits you. The acid corrodes you!
You are splashed with acid!
You are too injured to fight recklessly!
You are too injured to fight recklessly!
You are too injured to fight recklessly!
You are too injured to fight recklessly!
As you read the scroll of fear, it crumbles to dust.
You assume a fearsome visage.
The jelly looks frightened!
Found 6 stones.
Edmund the Younger comes into view.
He is wielding a +1 flail of holy wrath.
Edmund shouts!
As you read the scroll of teleportation, it crumbles to dust.
You feel strangely unstable.
Press: ? - help, v - describe, . - travel
Here: Edmund, wielding a +1 flail of holy wrath and wearing a +0 scale mail The floor.
Your surroundings suddenly seem different.
A howler monkey comes into view.
The howler monkey attacks as you move away!
The howler monkey hits you!
* * * LOW HITPOINT WARNING * * *
The howler monkey hoots and howls with incredible vigour!
You hear an angry hiss.
You hear a shout!
You see here a glowing brown potion.
Things that are here:
a +0 mace; a +0 chain mail
There is a stone staircase leading up here.
The howler monkey hits you.
* * * LOW HITPOINT WARNING * * *
You climb upwards.
You block the goblin's attack.
There is a stone staircase leading down here.
You closely miss the goblin. You hit the orc.
The orc priest looks satisfied for a moment.
The orc hits you with a +0 short sword.
* * * LOW HITPOINT WARNING * * *
The goblin hits you with a +0 dagger.
You die...

###.#.......#
#.#.####### #.#..#..
#.#..#.# ## #.#.<#.# ..
#.####.# .####
#....#.###....
####.#.#....#.#
####..@.....#.#
#######.....go......#
........#####..###..#
#####...#...........##.
..........#.#..........
##._.###..#...o.....#
#... ....####......#
##. #.#............###
.....#.######.......#


You could see an orc priest, an orc and a goblin.

Vanquished Creatures
  A scorpion (D:4)
  2 dart slugs
  2 orcs
  6 ball pythons
  2 endoplasms (D:1)
  A giant cockroach (D:1)
  3 goblins
  3 hobgoblins
  7 quokkas
  4 bats
  A frilled lizard (D:1)
  2 kobolds
  2 rats
36 creatures vanquished.

Vanquished Creatures (others)
  2 plants (D:2)
2 creatures vanquished.

Grand Total: 38 creatures vanquished

Notes
Turn   | Place    | Note
-------+----------+-------------------------------------------
     0 | D:1      | concernfroge the Mummy Monk began the quest for the Orb.
     0 | D:1      | Reached XP level 1. HP: 18/18 MP: 1/1
   414 | D:1      | Reached XP level 2. HP: 18/24 MP: 2/2
  1019 | D:1      | Reached skill level 4 in Fighting
  2075 | D:2      | Gained mutation: You are in touch with the powers of death.
                  | [Mummy growth]
  2075 | D:2      | Reached XP level 3. HP: 30/30 MP: 3/3
  2632 | D:3      | Found an ancient bone altar of Kikubaaqudgha.
  2936 | D:4      | Noticed a scorpion
  2953 | D:4      | Killed a scorpion
  2954 | D:4      | Reached skill level 5 in Fighting
  2954 | D:4      | Reached XP level 4. HP: 15/39 MP: 4/4
  3212 | D:4      | Noticed Edmund
  3227 | D:3      | Slain by a goblin

Illustrated notes

Levels and vault maps discovered:
D:1:      dpeg_arrival_chambers_temple_mockup, layout_loops_ring
D:2:      layout_basic, corexii_shack
D:3:      kennysheep_the_goblin_king, layout_basic,
          mainiacjoe_overflow_alcove_2, mainiacjoe_overflow_large_starburst,
          shapermc_ecumenical_altar_notcrosses
D:4:      layout_loops_ring, uniq_edmund, uniq_menkaure

Skill      XL: |  1  2  3 |
---------------+----------+-----
Fighting       | 4 5 |  5.3
Polearms       | |  2.4
Dodging        | |  2.4
Stealth        | |  1.5

Action                   |  1- 3 |  4- 6 || total
-------------------------+-------+-------++-------
Melee: Spear             |    52 |       ||    52
       Quarterstaff      |    48 |       ||    48
       War axe           |    16 |     3 ||    19
Throw: Boomerang         |     6 |       ||     6
  Use: Scroll            |     4 |     2 ||     6
 Stab: Sleeping          |     1 |       ||     1
Armor: Robe              |     3 |       ||     3
       Chain mail        |    43 |       ||    43
Dodge: Dodged            |    41 |     1 ||    42
Block: Other             |    20 |     2 ||    22
